 Dungeon Crawl Stone Soup version 0.26.1-10-gdfb7c7de75 (webtiles) character file.

Game seed: 6309720282573308498

17397 shadow1423 the Cleaver (level 12, -2/113 HPs)
             Began as a Minotaur Berserker on Apr 1, 2021.
             Was a Priest of Trog.
             Slain by a troll (3 damage)
             ... while petrified by Jorgrun
             ... on level 1 of the Orcish Mines.
             The game lasted 00:38:03 (18852 turns).

shadow1423 the Cleaver (Minotaur Berserker)        Turns: 18852, Time: 00:38:04

Health: -2/113     AC:  9    Str: 24    XL:     12   Next: 18%
Magic:  11/11      EV:  2    Int:  4    God:    Trog [***...]
Gold:   925        SH:  0    Dex: 13    Spells: 11/11 levels left

rFire    + . .     SeeInvis .   g - +2 hand axe (drain)
rCold    . . .     Faith    .   (no shield)
rNeg     + + +     Spirit   .   e - +0 ring mail
rPois    ∞         Reflect  +   (helmet restricted)
rElec    .         Harm     .   (no cloak)
rCorr    +         Rampage  .   F - +0 pair of gloves
Will     .....                  (no boots)
Stlth    ++........             J - amulet of reflection
HPRegen  0.28/turn              b - ring of resist corrosion
MPRegen  0.12/turn              x - ring of protection from fire

@: petrified
A: retaliatory headbutt, horns 2
a: Renounce Religion, Berserk, Trog's Hand


You were on level 1 of the Orcish Mines.
You worshipped Trog.
Trog was most pleased with you.
You visited 3 branches of the dungeon, and saw 13 of its levels.
You also visited: Sewer.

You collected 925 gold pieces.

Inventory:

Hand Weapons
 g - a +2 hand axe of draining (weapon)
 I - a +5 great sword
Armour
 e - a +0 ring mail (worn)
 F - a +0 pair of gloves (worn)
 L - a +0 cloak
Jewellery
 b - a ring of resist corrosion (left hand)
 p - an uncursed ring of ice
 x - a ring of protection from fire (right hand)
 y - a +4 ring of evasion {unknown}
 A - an uncursed ring of ice
 B - an uncursed ring of fire
 J - an amulet of reflection (around neck)
Wands
 m - a wand of random effects (22)
 t - a wand of digging (8)
 w - a wand of paralysis (12)
 z - a wand of acid (13)
 G - a wand of flame (24)
Scrolls
 a - 10 scrolls of teleportation
 c - 11 scrolls of remove curse
 f - 2 scrolls of enchant weapon
 k - 5 scrolls of enchant armour
 o - a scroll of immolation
 r - 3 scrolls of magic mapping {unknown}
 u - a scroll of blinking
 C - 2 scrolls of fear {unknown}
 E - 2 scrolls of amnesia
Potions
 d - 2 potions of brilliance
 h - 3 potions of magic
 i - 3 potions of curing
 j - 6 potions of lignification
 l - 3 potions of berserk rage
 n - 6 potions of flight
 q - 2 potions of resistance {unknown}
 s - a potion of cancellation {unknown}
 v - a potion of attraction {unknown}
 D - 2 potions of degeneration
 H - a potion of might
 K - a potion of haste {unknown}


   Skills:
 * Level 12.3 Fighting
 + Level 13.2 Axes
 * Level 11.0 Armour
 * Level 7.4 Dodging
 * Level 5.2 Stealth
 * Level 4.4 Evocations


You had 11 spell levels left.
You didn't know any spells.
Your spell library was empty.

Dungeon Overview and Level Annotations

Branches:
Dungeon (11/15)            Temple (0/1) D:6            Lair (1/6) D:11
    Orc (1/2) D:11          Sewer (visited)

Altars:
Cheibriados
Elyvilon
Hepliaklqana
Makhleb
Qazlal
Ru
Trog
Uskayaw
Xom
Yredelemnul
Zin

Shops:
D:7 [   D:10 *

Annotations:
Orc:1 1 transporter, Jorgrun; slughead422's ghost, journeyman GrFi


Innate Abilities, Weirdness & Mutations

You reflexively headbutt those who attack you in melee.
You have a pair of horns on your head.


Message History

* * * LOW HITPOINT WARNING * * *
The troll claws you but does no damage.
The orc priest hits you but does no damage.
The troll bites you. The troll claws you.
* * * LOW HITPOINT WARNING * * *
The troll claws you.
* * * LOW HITPOINT WARNING * * *
The orc priest mumbles some strange prayers to Beogh against you.
Beogh smites you!
* * * LOW HITPOINT WARNING * * *
Jorgrun points next to you and mumbles some strange words.
Some rock shatters into small pieces.
The troll bites you.
* * * LOW HITPOINT WARNING * * *
The troll completely misses you. The troll claws you but does no damage.
The orc warrior yells loudly, as Orcs often do.
The orc hits you but does no damage. The troll bites you.
* * * LOW HITPOINT WARNING * * *
The troll claws you!
You die...

#...#......... ##.#
##........#...#
#....#####............#.
.......#.##.#..........#
...#....................
..........#.#....#......
................###..##.
#....o...#.##..###.###.
#.T@...##....#...###
......go#.##.........###
.....o.######........##)
....o.. ##......###.
....o.. ####..#.##...
....... .............
....... ####....##...
....... #...###....##.
..# ##....#.


You could see Jorgrun, a troll (drained), an orc warrior, 2 orc priests and 2
orcs.

Vanquished Creatures
  Erica (Lair:1)
  2 two-headed ogres (D:9)
  The ghost of Fondut the Slicer, a novice DsFi of Xom (D:9)
  An unseen horror (D:11)
  An oklob plant (Lair:1)
  2 ugly things (D:11)
  A manticore (D:11)
  2 cyclopes (D:11)
  Joseph (D:8)
  A gargoyle (D:11)
  2 komodo dragons (D:11)
  A troll (D:11)
  Grinder (D:5)
  2 hornets (D:10)
  A wraith (D:11)
  12 yaks
  A wyvern (D:10)
  A steam dragon (D:11)
  A basilisk (Lair:1)
  An acid dragon (D:11)
  Edmund (D:5)
  Duvessa (D:7)
  A water moccasin (Lair:1)
  9 orc warriors
  3 phantoms
  4 ice beasts
  2 black bears
  3 sky beasts
  An eye of draining (D:11)
  6 ogres
  A necrophage (D:7)
  5 centaurs
  3 big kobolds
  Blork the orc (D:5)
  A bullfrog (shapeshifter) (D:11)
  5 bullfrogs
  5 scorpions
  Dowan (D:7)
  8 killer bees (D:11)
  8 wights (D:10)
  A howler monkey (D:11)
  A bullfrog zombie (D:5)
  2 quasits
  3 hounds
  11 orc priests
  4 jellies
  Crazy Yiuf (D:5)
  2 bullfrog skeletons
  A centaur skeleton (D:7)
  An iron imp (D:8)
  An iguana (D:7)
  10 orc wizards
  6 worker ants
  Ijyb (D:5)
  A merfolk siren (Sewer)
  A merfolk avatar (Sewer)
  2 hound skeletons
  2 hound zombies
  3 howler monkey skeletons
  2 worker ant zombies
  17 adders
  2 river rats (Sewer)
  2 shadow imps
  A white imp (D:8)
  An ufetubus (D:7)
  3 oozes
  An adder skeleton (D:8)
  5 worms
  2 dart slugs
  8 leopard geckos
  48 orcs
  11 giant cockroaches
  8 goblins
  9 hobgoblins
  2 jackals (D:7)
  21 kobolds
  6 quokkas
  10 ball pythons
  7 bats
  5 frilled lizards
  2 jackal skeletons
  34 rats
366 creatures vanquished.

Vanquished Creatures (collateral kills)
  A hydra (D:11)
  The ghost of axecop the Envoy of Void, a novice DsAK of Lugonu (D:11)
  A centaur skeleton (D:11)
  An ogre (D:11)
  An adder (D:11)
5 creatures vanquished.

Vanquished Creatures (others)
  A quokka (D:10)
  3 fungi (Lair:1)
  10 plants
14 creatures vanquished.

Grand Total: 385 creatures vanquished

Notes
Turn   | Place    | Note
-------+----------+-------------------------------------------
     0 | D:1      | shadow1423 the Minotaur Berserker began the quest for the
                  | Orb.
     0 | D:1      | Reached XP level 1. HP: 19/19 MP: 0/0
   208 | D:1      | Reached XP level 2. HP: 26/27 MP: 1/1
   257 | D:1      | Reached skill level 4 in Axes
  1301 | D:2      | Reached XP level 3. HP: 34/34 MP: 2/2
  1355 | D:2      | Reached ** piety under Trog
  1428 | D:2      | Reached XP level 4. HP: 31/41 MP: 3/3
  2459 | D:3      | Reached XP level 5. HP: 28/47 MP: 4/4
  2491 | D:3      | Found a basalt altar of Yredelemnul.
  2549 | D:3      | Reached skill level 5 in Axes
  2701 | D:3      | Reached skill level 5 in Fighting
  2818 | D:3      | Found a glowing drain.
  2822 | Sewer    | Entered a sewer
  2835 | Sewer    | Reached *** piety under Trog
  3063 | Sewer    | Reached XP level 6. HP: 29/56 MP: 5/5
  3925 | D:3      | Found a shimmering altar of Xom.
  4124 | D:4      | Reached skill level 6 in Axes
  4438 | D:4      | Found a burning altar of Makhleb.
  4438 | D:4      | Noticed a cacodemon
  4637 | D:4      | Reached **** piety under Trog
  4736 | D:4      | Reached skill level 5 in Armour
  4736 | D:4      | Reached XP level 7. HP: 45/63 MP: 6/6
  5377 | D:5      | Entered Level 5 of the Dungeon
  5377 | D:5      | Noticed Blork the orc
  5383 | D:5      | Killed Blork the orc
  5520 | D:5      | Noticed Edmund
  5529 | D:5      | Reached skill level 7 in Axes
  5534 | D:5      | Killed Edmund
  5645 | D:5      | Noticed Grinder
  5655 | D:5      | Paralysed by Grinder for 6 turns
  5664 | D:5      | Killed Grinder
  5665 | D:5      | Reached XP level 8. HP: 18/71 MP: 7/7
  5992 | D:5      | Found a runed translucent door.
  5993 | D:5      | Noticed Crazy Yiuf
  6314 | D:5      | Reached skill level 8 in Axes
  6346 | D:5      | Noticed Ijyb
  6352 | D:5      | Paralysed by Ijyb for 6 turns
  6361 | D:5      | Killed Ijyb
  6373 | D:5      | Found a white marble altar of Elyvilon.
  6766 | D:5      | Reached skill level 1 in Stealth
  7054 | D:5      | Killed Crazy Yiuf
  7373 | D:6      | Found a staircase to the Ecumenical Temple.
  7483 | D:6      | Reached skill level 9 in Axes
  7517 | D:6      | Found the +2 cloak of the Thief {*Fog Slay-2 SInv Stlth+}
  7953 | D:6      | Reached XP level 9. HP: 41/79 MP: 8/8
  8822 | D:7      | Noticed Dowan
  8823 | D:7      | Noticed Duvessa
  8826 | D:7      | Killed Dowan
  8841 | D:7      | Killed Duvessa
  9088 | D:7      | Found Bohoqe's Armour Emporium.
  9357 | D:7      | Reached skill level 10 in Axes
  9748 | D:7      | Found a glowing silver altar of Zin.
  9838 | D:7      | Reached skill level 5 in Dodging
 10141 | D:8      | Found a snail-covered altar of Cheibriados.
 10507 | D:8      | Noticed Joseph
 10520 | D:8      | Killed Joseph
 10597 | D:8      | Reached skill level 11 in Axes
 10605 | D:8      | Reached XP level 10. HP: 16/91 MP: 9/9
 11311 | D:9      | Noticed a two-headed ogre
 11319 | D:9      | Killed a two-headed ogre
 11331 | D:9      | Found a stormy altar of Qazlal.
 11340 | D:9      | Reached ***** piety under Trog
 11588 | D:9      | Found a hide-covered altar of Uskayaw.
 11650 | D:9      | Noticed a two-headed ogre
 11660 | D:9      | Killed a two-headed ogre
 11661 | D:9      | Reached skill level 10 in Fighting
 11661 | D:9      | Reached skill level 12 in Axes
 11661 | D:9      | Reached skill level 1 in Evocations
 11734 | D:9      | Found a runed translucent gate.
 11735 | D:9      | Found a runed translucent gate.
 11735 | D:9      | Found a runed translucent gate.
 11735 | D:9      | Noticed Fondut's ghost (novice DsFi)
 11773 | D:9      | Found a sacrificial altar of Ru.
 12102 | D:9      | Found a hazy altar of Hepliaklqana.
 12417 | D:9      | Killed Fondut's ghost
 12470 | D:10     | Entered Level 10 of the Dungeon
 12543 | D:10     | Received a gift from Trog
 12555 | D:10     | Reached XP level 11. HP: 51/101 MP: 10/10
 12969 | D:10     | Found Ucsafost's Demolitions Depot.
 13048 | D:10     | Paralysed by a hornet for 3 turns
 13054 | D:10     | Paralysed by a hornet for 1 turns
 13697 | D:11     | Received a gift from Trog
 13718 | D:11     | Noticed a seven-headed hydra
 13734 | D:11     | Killed a seven-headed hydra
 13884 | D:11     | Noticed a brown ugly thing
 13885 | D:11     | Found a transporter.
 13885 | D:11     | Noticed axecop's ghost (novice DsAK)
 13886 | D:11     | Noticed an orb spider
 13888 | D:11     | Noticed a death drake
 13888 | D:11     | an orb spider changed into a death drake
 13897 | D:11     | Found a transporter.
 13898 | D:11     | Noticed a swamp dragon
 13898 | D:11     | a death drake changed into a swamp dragon
 13970 | D:11     | a swamp dragon changed into an elephant
 14167 | D:11     | Noticed a lindwurm
 14167 | D:11     | a wind drake changed into a lindwurm
 14186 | D:11     | a lindwurm changed into a dream sheep
 14415 | D:11     | Reached skill level 10 in Armour
 14438 | D:11     | Noticed a red ugly thing
 14446 | D:11     | Killed a red ugly thing
 14588 | D:11     | Found a staircase to the Lair.
 14763 | D:11     | Reached skill level 13 in Axes
 15198 | D:11     | Found a staircase to the Orcish Mines.
 15765 | D:11     | Killed an unseen horror
 16262 | D:11     | Killed a brown ugly thing
 16276 | D:11     | Killed axecop's ghost
 16661 | D:11     | Got a slimy shortbow
 16662 | D:11     | Identified the +8 shortbow of Utikeqac {vorpal, Fragile
                  | rPois Str+6 Int+3} (You found it on level 11 of the
                  | Dungeon)
 16743 | Lair:1   | Entered Level 1 of the Lair of Beasts
 16743 | Lair:1   | Noticed an oklob plant
 16769 | Lair:1   | Killed an oklob plant
 16770 | Lair:1   | Reached XP level 12. HP: 47/112 MP: 11/11
 17188 | Lair:1   | Found the -2 hat of the Alchemist {rElec rPois rF+ rC+ rN+
                  | Will+ rMut rCorr}
 17199 | Lair:1   | Reached skill level 5 in Stealth
 17480 | Lair:1   | Noticed Erica
 17561 | Lair:1   | Killed Erica
 18311 | Orc:1    | Entered Level 1 of the Orcish Mines
 18349 | Orc:1    | Noticed a two-headed ogre
 18778 | Orc:1    | Noticed a two-headed ogre
 18780 | Orc:1    | Identified the cursed +1 bardiche "Keri" {flame, *Corrode
                  | Dex+3 Stlth+}
 18781 | Orc:1    | Noticed slughead422's ghost (journeyman GrFi)
 18783 | Orc:1    | Found a bloodstained altar of Trog.
 18783 | Orc:1    | Found a transporter.
 18839 | Orc:1    | Noticed Jorgrun
 18850 | Orc:1    | HP: 4/113 [orc priest/divine providence (8)]
 18852 | Orc:1    | HP: 1/113 [troll (2)]
 18852 | Orc:1    | Slain by a troll

Illustrated notes

Levels and vault maps discovered:
D:1:      tarquinn_simple_flora_water_f, layout_basic
D:2:      layout_basic
D:3:      layout_loops_cross, nicolae_overflow_crystal_walls, tgw_xom,
          gup_sewer_entry_spiral
D:4:      layout_loops_corners, serial_park_tiny_pond, makhleb_altar_promises_db
D:5:      layout_basic, lemuel_coloured_pillars_altar, uniq_blork_the_orc,
          uniq_crazy_yiuf_cottage, uniq_edmund, uniq_ijyb, uniq_grinder
D:6:      layout_layer_cave, temple_doors_cd
D:7:      layout_cave_pods, marbit_many_paths, serial_shops,
          nicolae_shop_waterfront, serial_glass, glass_columns_a,
          glass_columns_b, glass_columns_c, glass_columns_c, glass_columns_a,
          glass_columns_b, glass_columns_a, glass_columns_a, item_on_display_a,
          item_on_display_a, item_on_display_a, due_unseen_surprise,
          uniq_duvessa
D:8:      layout_basic, slow_altar_1, uniq_joseph
D:9:      layout_irregular_city, nicolae_ru_great_annihilating_truth,
          eat_drink_and_be_merry_uskayaw,
          chequers_temple_overflow_statue_of_worship, ebering_ghost_rock_garden
D:10:     layout_cross, enter_bailey_3, nicolae_blasting_shop,
          hangedman_pestilent_swarm
D:11:     layout_loops_cross, david_lair_shrubbed, orc_0_dummy,
          gammafunk_ghost_arena
Lair:1:   layout_long_grid, dpeg_stationary_puzzle, grunt_megastairs_4,
          uniq_erica
Orc:1:    layout_caves, gammafunk_ghost_wrathful_warriors, uniq_jorgrun

Skill      XL: |  1  2  3  4  5  6  7  8  9 10 11 12 |
---------------+-------------------------------------+-----
Axes           | 4 5 6 7 9 11 12 13 | 13.2
Fighting       | 4 5 6 7 9 10 12 | 12.3
Armour         | 3 4 5 6 8 9 10 11 | 11.0
Dodging        | 3 4 5 6 7 |  7.4
Stealth        | 1 2 3 4 5 |  5.2
Evocations     | 2 4 |  4.4

Action                   |  1- 3 |  4- 6 |  7- 9 | 10-12 || total
-------------------------+-------+-------+-------+-------++-------
Melee: Hand axe          |    55 |   172 |   237 |   411 ||   875
       Headbutt          |     6 |    24 |    57 |   103 ||   190
Invok: Berserk           |       |     1 |     1 |     2 ||     4
       Brothers in Arms  |       |       |       |     3 ||     3
Evoke: Wand              |       |       |     1 |    42 ||    43
  Use: Scroll            |       |     5 |     2 |     7 ||    14
       Potion            |       |       |     3 |    12 ||    15
 Stab: Sleeping          |       |       |     1 |     3 ||     4
       Paralysed         |       |       |       |     1 ||     1
Armor: Animal skin       |     6 |       |       |       ||     6
       Ring mail         |     9 |    68 |    56 |   115 ||   248
       Skin              |       |       |       |     6 ||     6
Dodge: Dodged            |    44 |   137 |   162 |   258 ||   601
Block: Other             |       |       |       |    12 ||    12
